 Dungeon Crawl Stone Soup version 0.25-a0-949-gdd2af9e06e (webtiles) character file.

Game seed: 7414867520931191358, levelgen mode: deterministic

490 tilp the Bolt Thrower (level 7, 0/96 HPs)
             Began as a Kobold Arcane Marksman on May 8, 2020.
             Killed from afar by an orc wizard (11 damage)
             ... with a puff of flame
             ... on level 4 of the Dungeon.
             The game lasted 00:10:46 (3847 turns).

tilp the Bolt Thrower (Kobold Arcane Marksman)      Turns: 3847, Time: 00:10:47

Health: 0/96       AC: 23    Str: 10    XL:     7   Next: 37%
Magic:  8/8        EV:  3    Int: 14    God:
Gold:   225        SH:  0    Dex: 15    Spells: 5/8 levels left

rFire    . . .     SeeInvis .   b - +2 dagger (venom)
rCold    . . .     Gourm    .   (shield restricted)
rNeg     + + +     Faith    .   (armour currently unavailable)
rPois    +         Spirit   .   (helmet currently unavailable)
rElec    .         Reflect  .   (cloak currently unavailable)
rCorr    .         Harm     .   (gloves currently unavailable)
MR       .....     NoTele   +   (boots currently unavailable)
Stlth    ..........             (no amulet)
HPRegen  0.26/turn              n - ring of stealth
MPRegen  0.11/turn              (no ring)

@: brilliant, berserking (expiring), tree-form, stab, slowed
A: small, carnivore, wild magic 1
a: no special abilities


You were on level 4 of the Dungeon.
You were very full.
You were a tree.
You visited 1 branch of the dungeon, and saw 4 of its levels.

You collected 225 gold pieces.

Inventory:

Hand Weapons
 a - a +0 hand crossbow
 b - a +2 dagger of venom (weapon)
 s - a +0 hand axe of flaming
Missiles
 d - 147 bolts
 r - 3 boomerangs (quivered)
 u - 14 poisoned darts
 y - 2 boomerangs of dispersal
 B - 8 silver boomerangs
Armour
 l - a +0 buckler
 m - a +1 pair of gloves (melded)
 q - a +2 pair of boots (melded)
 v - a +0 leather armour (melded)
 x - a +2 ring mail of poison resistance
 A - a +0 helmet (melded)
Jewellery
 n - a ring of stealth (left branch)
Wands
 e - a wand of digging (2)
 C - a wand of iceblast (11)
Scrolls
 f - 2 scrolls of immolation
 h - 4 scrolls of identify {unknown}
 j - 4 scrolls of remove curse
 o - 2 scrolls of fear {unknown}
 z - a scroll of blinking {unknown}
 D - a scroll of amnesia {unknown}
 E - a scroll of enchant weapon {unknown}
Potions
 g - 3 potions of mutation
 i - a potion of lignification
 t - a potion of curing {unknown}
 w - a potion of flight
 F - a potion of brilliance
Comestibles
 c - 8 rations
 G - 2 chunks of flesh


   Skills:
 - Level 4.0 Fighting
 + Level 5.1 Crossbows
 - Level 2.4 Dodging
 - Level 4.0 Shields
 - Level 1.1 Spellcasting
 - Level 3.0 Hexes


You had 5 spell levels left.
You knew the following spells:

 Your Spells              Type           Power        Failure   Level  Hunger
a - Corona                Hex            ###....      12%         1    None
b - Slow                  Hex            ###.....     17%         2    None

Your spell library contained the following spells:

 Spells                   Type           Power        Failure   Level  Hunger
 Inner Flame              Hex/Fire       #.......     47%         3    None
 Portal Projectile        Hex/Tloc       #.....       47%         3    None
 Cause Fear               Hex            ###.......   67%         4    None
 Leda's Liquefaction      Hex/Erth       #.........   86%         4    None


Dungeon Overview and Level Annotations

Branches:
Dungeon (4/15)
 Temple: D:4-7

Altars:
Cheibriados
Dithmenos
Makhleb
Nemelex Xobeh
Trog
Vehumet


Innate Abilities, Weirdness & Mutations

You are small and have problems with some larger weapons.
You are carnivorous and can eat meat at any time.
((You are partially covered in thin metallic scales. (AC +2)))
Your spells are a little harder to cast, but a little more powerful.


Message History

* * * LOW HITPOINT WARNING * * *
Something hits you but does no damage.
Okay, then.
It was a potion of stabbing.
You feel ready to backstab.
Something hits you but does no damage. x2
It was a potion of berserk rage.
A red film seems to cover your vision as you go berserk!
You feel yourself moving faster!
You feel mighty!
Something hits you but does no damage. x2
You are too berserk!
Unknown command.
You can't shoot while berserk!
Really wield
a - a +0 hand crossbow?
Okay, then.
You feel a strong urge to attack something.
Something hits you but does no damage.
You hear some strange, mumbled words.
A puff of flame appears from out of thin air!
The puff of flame hits you!
You die...

.. #. ##### #.# ##.#.. #.#
##..#.. . #.###...'.) #.
##.##....#.. ##.#######
#..#.....#.. .........######
#..#....####
#...(..(.{)♣.####..'...###..
###....#####...##..#..###...
#....# #.........#.###....
#....###.........####.....
#.....##.........###.....#
#..o.>####)#####..####'###
##.##.......####..........
#o ##..#.#.....###.....#.
#.# ##.#.##..........#)..


There were no monsters in sight!

Vanquished Creatures
  A bullfrog (D:4)
  A scorpion (D:4)
  A hound (D:2)
  3 orc priests
  Jessica (D:3)
  Ijyb (D:3)
  2 orc wizards (D:4)
  A worker ant (D:4)
  Robin (D:3)
  2 adders
  2 oozes
  A worm (D:2)
  A dart slug (D:2)
  4 leopard geckos
  7 orcs
  2 ball pythons (D:3)
  4 bats
  6 giant cockroaches
  11 goblins
  2 hobgoblins (D:2)
  10 jackals
  7 kobolds
  A quokka (D:4)
  3 frilled lizards
  A jackal skeleton (D:4)
  A quokka skeleton (D:4)
  6 rats
83 creatures vanquished.

Notes
Turn   | Place    | Note
-------+----------+-------------------------------------------
     0 | D:1      | tilp the Kobold Arcane Marksman began the quest for the
                  | Orb.
     0 | D:1      | Reached XP level 1. HP: 12/12 MP: 2/2
   255 | D:1      | Reached XP level 2. HP: 17/17 MP: 1/3
   259 | D:1      | Learned a level 2 spell: Slow
   768 | D:2      | You fall into a shaft and drop 1 floor!
   773 | D:3      | Reached XP level 3. HP: 23/23 MP: 4/4
  1074 | D:2      | Found a burning altar of Makhleb.
  1088 | D:2      | Reached XP level 4. HP: 19/29 MP: 3/5
  1218 | D:2      | Found a bloodstained altar of Trog.
  1244 | D:2      | Found a sparkling altar of Nemelex Xobeh.
  1244 | D:2      | Found a radiant altar of Vehumet.
  1245 | D:2      | Found a shadowy altar of Dithmenos.
  1278 | D:2      | Reached skill level 1 in Shields
  1476 | D:2      | Found a snail-covered altar of Cheibriados.
  1597 | D:3      | Noticed Ijyb
  1917 | D:3      | Noticed Jessica
  1922 | D:3      | Killed Jessica
  1922 | D:3      | Reached XP level 5. HP: 33/33 MP: 2/6
  2418 | D:3      | Killed Ijyb
  2418 | D:3      | Reached XP level 6. HP: 33/38 MP: 5/7
  2690 | D:3      | Noticed Robin
  2707 | D:3      | Killed Robin
  3287 | D:4      | Reached skill level 3 in Crossbows
  3513 | D:4      | Noticed an orc warrior
  3549 | D:4      | Reached XP level 7. HP: 30/43 MP: 6/8
  3683 | D:4      | Reached skill level 4 in Crossbows
  3839 | D:4      | Reached skill level 5 in Crossbows
  3840 | D:4      | Gained mutation: Your spells are a little harder to cast,
                  | but a little more powerful. [potion of mutation]
  3840 | D:4      | Gained mutation: You are partially covered in thin metallic
                  | scales. (AC +2) [potion of mutation]
  3847 | D:4      | Killed from afar by an orc wizard

Levels and vault maps discovered:
D:1:      dpeg_arrival_ternary, layout_rooms, minmay_strange_pillars
D:2:      layout_basic, lemuel_crystal_altar, grunt_temple_overflow_open,
          makhleb_heckhound_becter
D:3:      minmay_door_path, layout_rooms, chequers_serial_rivers_small_a,
          uniq_robin, uniq_crazy_yiuf_cottage, uniq_jessica, uniq_ijyb
D:4:      layout_rooms, first_ration, hex_medium, minmay_quadrilaterals

Skill      XL: |  1  2  3  4  5  6  7 |
---------------+----------------------+-----
Fighting       | 2 3 4 |  4.0
Shields        | 2 3 4 |  4.0
Crossbows      | 3 5 |  5.1
Dodging        | |  2.4
Spellcasting   | |  1.1
Hexes          | |  3.0

Action                   |  1- 3 |  4- 6 |  7- 9 || total
-------------------------+-------+-------+-------++-------
Melee: Whip              |    39 |       |       ||    39
       Hand axe          |     5 |    48 |     3 ||    56
       Dagger            |       |   107 |    31 ||   138
 Fire: Hand crossbow     |    36 |    43 |    10 ||    89
 Cast: Corona            |    20 |    15 |     3 ||    38
       Slow              |     2 |     2 |       ||     4
  Use: Scroll            |     1 |     2 |       ||     3
       Potion            |       |       |     6 ||     6
 Stab: Sleeping          |     1 |     3 |     1 ||     5
  Eat: Chunk             |    10 |     8 |     1 ||    19
Armor: Robe              |    21 |    18 |       ||    39
       Leather armour    |       |    36 |    21 ||    57
       Skin              |       |       |     9 ||     9
Dodge: Dodged            |    79 |   140 |    29 ||   248

Table legend:
 A = Non-vault XP
 B = Vault XP
 C = Vault XP percentage of total XP
 D = Non-vault monster count
 E = Vault monster count
 F = Vault count percentage of total count
                 A         B        C        D         E       F
            +---------+---------+-------+---------+---------+-------
      Total |     536 |     165 |  23.5 |      69 |      14 |  16.9
            +---------+---------+-------+---------+---------+-------
        D:1 |      13 |       0 |   0.0 |       7 |       0 |   0.0
        D:2 |      45 |      46 |  50.5 |      23 |       1 |   4.2
        D:3 |     141 |     100 |  41.5 |      24 |       9 |  27.3
        D:4 |     337 |      19 |   5.3 |      15 |       4 |  21.1
            +---------+---------+-------+---------+---------+-------
